 Dungeon Sprint DCSS version 0.24.0-1-gfbc8707 (webtiles) character file.

Game seed: 639436984210765020, levelgen mode: deterministic

933 Fang the Fighter (level 8, -16/57 HPs)
             Began as a Gargoyle Berserker on Nov 7, 2019.
             Was a High Priest of Trog.
             Demolished by a lorocyproca (20 damage)
             ... in the Dungeon (Sprint V: "Ziggurat Sprint").
             The game lasted 00:01:39 (303 turns).

Fang the Fighter (Gargoyle Berserker)                Turns: 303, Time: 00:01:40

Health: -16/57     AC: 33    Str: 35    XL:     8   Next: 11%
Magic:  0/8        EV:  4    Int:  8    God:    Trog [*****.]
Gold:   0          SH: 31    Dex:  9    Spells: 7/7 levels left

rFire    . . .     SeeInvis .   a - +5 broad axe
rCold    . . .     Gourm    .   E - +18 shield of the Gong {rElec rN+ MR+ EV-5}
rNeg     + + .     Faith    .   b - +15 Maxwell's patent armour {-Cast -Tele rElec MR+ rCorr}
rPois    ∞         Spirit   .   (no helmet)
rElec    +         Reflect  .   (no cloak)
rCorr    +         Harm     .   (no gloves)
MR       ++...     NoTele   +   (no boots) Stlth ..........NoCast +
                                (no amulet)
HPRegen  0.19/turn              D - +6 ring of strength
MPRegen  0.11/turn              C - +6 ring of strength

@: berserk cooldown, slowed, very slow
A: negative energy resistance 1, electricity resistance, unbreathing,
petrification resistance, rot immunity, AC +5
a: Berserk, Trog's Hand, Brothers in Arms, Renounce Religion


You were in the Dungeon.
You worshipped Trog.
Trog was extremely pleased with you.
You were very hungry.

You visited 1 branch

Inventory:

Hand Weapons
 a - a +5 broad axe (weapon)
 g - the +5 battleaxe "Iseffumn" {protect, MP-9 Str+9 Dex+4 SInv}
   (You took it off an orc priest in the Dungeon)

   It grants its wielder temporary protection when it strikes (+7 to AC).
   It affects your strength (+9).
   It affects your dexterity (+4).
   It affects your magic capacity (-9).
   It lets you see invisible.
Armour
 b - the +15 Maxwell's patent armour (worn) {-Cast -Tele rElec MR+ rCorr}
   (You found it in the Dungeon)

   It insulates you from electricity.
   It affects your resistance to hostile enchantments.
   It prevents spellcasting.
   It prevents most forms of teleportation.
   It provides partial protection from all sources of acid and corrosion.
 E - the +18 shield of the Gong (worn) {rElec rN+ MR+ EV-5}
   (You found it in the Dungeon)

   It affects your evasion (-5).
   It insulates you from electricity.
   It protects you from negative energy.
   It affects your resistance to hostile enchantments.
Jewellery
 o - a +3 ring of dexterity
 x - a +4 ring of intelligence
 C - a +6 ring of strength (right hand)
 D - a +6 ring of strength (left hand)
Wands
 u - a wand of disintegration (7)
 v - a wand of iceblast (7)
 w - a wand of acid (7)
Scrolls
 i - 4 scrolls of blinking
 j - 8 scrolls of fog
 k - a scroll of holy word
 l - 5 scrolls of identify
 m - 5 scrolls of remove curse
 n - 2 scrolls of fear
Potions
 d - 10 potions of curing
 e - 10 potions of heal wounds
 f - 6 potions of haste
 h - 3 potions of berserk rage
 p - 2 potions of invisibility
 q - 4 potions of resistance
 r - a potion of experience
 s - 5 potions of agility
 t - 5 potions of might
Comestibles
 c - 7 rations


   Skills:
 * Level 10.0 Fighting
 * Level 8.5 Axes
 + Level 6.9 Armour
 + Level 5.2 Dodging
 * Level 9.4 Shields


You had 7 spell levels left.
You didn't know any spells.
Your spell library was empty.

Dungeon Overview and Level Annotations

Branches:
Dungeon (1/1)

Altars:
Ashenzari
Cheibriados
Dithmenos
Elyvilon
Fedhas
Gozag
Hepliaklqana
Kikubaaqudgha
Makhleb
Nemelex Xobeh
Okawaru
Qazlal
Ru
Sif Muna
Trog
Uskayaw
Vehumet
Wu Jian
Xom
Yredelemnul
Zin
The Shining One
Beogh
Jiyva
Lugonu

Annotations:
D 1 transporter


Innate Abilities, Weirdness & Mutations

You are resistant to torment.
Your stone body is resilient. (AC +5)
You are immune to poison.
You resist negative energy. (rN+)
You are resistant to electric shocks. (rElec)
You can survive without breathing.
You are immune to petrification.
You are immune to rotting.


Message History

You closely miss something. Something hits you!
You closely miss something. Something hits you!
You miss something. You slice something!!
Something hits you but does no damage.
You hit something. Something hits you!
You slice something!!
You are no longer berserk.
You are exhausted.
You feel yourself slow down. You block something's attack.
GONNNNG!
You miss something. Something hits you but does no damage.
You miss something.
You are feeling very hungry.
Something hits you!
* * * LOW HITPOINT WARNING * * *
You feel your power leaking away. You block something's attack.
PANG!
You hit something but do no damage. Something hits you!!
You die...

▓.†©..▓..©..▓▓▓▓▓▓▓
▓▓▓▓▓▓▓▓▓▓▓▓▓▓▓▓▓▓▓
▓..8©8...▓..8©8...▓
▓..|.)...▓..|:}...▓
▓...)....▓..|.|...▓
▓........▓........▓
▓........▓........▓
▓........▓.▓.{..▓.▓
▓...©†...▓...@....▓
▓▓▓▓▓▓▓▓▓▓▓▓▓▓▓▓▓▓▓


There were no monsters in sight!

Vanquished Creatures
  A jumping spider (D)
  A tarantella (D)
  A hell hound (D)
  A small abomination (D)
  A wolf (D)
  2 scorpions (D)
  2 quasits (D)
  2 orc priests (D)
  2 iron imps (D)
  2 river rats (D)
  A shadow imp (D)
  An ufetubus (D)
17 creatures vanquished.

Notes
Turn   | Place    | Note
-------+----------+-------------------------------------------
     0 | D        | Fang the Gargoyle Berserker began the quest for the Orb.
     0 | D        | Reached XP level 1. HP: 14/14 MP: 1/1
     0 | D        | Found a blossoming altar of Fedhas.
     1 | D        | Found the +6 Majin-Bo {vamp, Archmagi MP+6 Int+6}
     1 | D        | Found the +7 great mace "Firestarter" {inner flame, rF++}
     1 | D        | Found a transporter.
     1 | D        | Found a viscous altar of Jiyva.
     1 | D        | Found an ancient bone altar of Kikubaaqudgha.
     1 | D        | Found a hazy altar of Hepliaklqana.
     1 | D        | Found a corrupted altar of Lugonu.
     1 | D        | Found an opulent altar of Gozag.
     1 | D        | Found a burning altar of Makhleb.
    17 | D        | Found a stormy altar of Qazlal.
    17 | D        | Found an iron altar of Okawaru.
    17 | D        | Found a sacrificial altar of Ru.
    17 | D        | Found a sparkling altar of Nemelex Xobeh.
    17 | D        | Found a shimmering blue altar of Sif Muna.
    17 | D        | Found a bloodstained altar of Trog.
    24 | D        | Found the +9 heavy crossbow "Sniper" {velocity, Acc+∞ SInv}
    24 | D        | Found the +10 dark maul {crush}
    24 | D        | Found the +15 Maxwell's patent armour {-Cast -Tele rElec
                  | MR+ rCorr}
    24 | D        | Found the +18 shield of the Gong {rElec rN+ MR+ EV-5}
    24 | D        | Found the cursed +14 obsidian axe {chop, +Fly SInv *Curse}
    75 | D        | Entered arena 2.
    75 | D        | Noticed an orc priest
    75 | D        | Noticed an orc priest
    75 | D        | Found a transporter.
    76 | D        | Identified the +5 battleaxe "Iseffumn" {protect, MP-9 Str+9
                  | Dex+4 SInv}
    79 | D        | Killed an orc priest
    79 | D        | Reached skill level 4 in Fighting
    79 | D        | Reached XP level 2. HP: 20/20 MP: 2/2
    79 | D        | Reached XP level 3. HP: 24/24 MP: 3/3
    80 | D        | Reached skill level 5 in Fighting
    80 | D        | Reached XP level 4. HP: 27/31 MP: 4/4
   196 | D        | Entered arena 3.
   196 | D        | Noticed a wolf
   196 | D        | Found a transporter.
   200 | D        | Reached ** piety under Trog
   203 | D        | Killed a wolf
   203 | D        | Reached skill level 6 in Fighting
   203 | D        | Reached skill level 5 in Axes
   203 | D        | Reached skill level 5 in Shields
   203 | D        | Reached XP level 5. HP: 37/37 MP: 5/5
   209 | D        | Entered arena 4.
   209 | D        | Noticed a tarantella
   209 | D        | Noticed a jumping spider
   209 | D        | Found a transporter.
   212 | D        | Reached skill level 7 in Fighting
   213 | D        | Reached *** piety under Trog
   213 | D        | Reached skill level 5 in Armour
   213 | D        | Reached XP level 6. HP: 44/44 MP: 6/6
   217 | D        | Killed a jumping spider
   217 | D        | Reached skill level 8 in Fighting
   217 | D        | Reached XP level 7. HP: 50/50 MP: 7/7
   219 | D        | Killed a tarantella
   219 | D        | Reached skill level 9 in Fighting
   265 | D        | Entered arena 5.
   265 | D        | Found a transporter.
   270 | D        | Reached **** piety under Trog
   270 | D        | Reached skill level 5 in Dodging
   272 | D        | Received a gift from Trog
   280 | D        | Entered arena 6.
   280 | D        | Found a transporter.
   288 | D        | Reached XP level 8. HP: 57/57 MP: 8/8
   289 | D        | Reached ***** piety under Trog
   289 | D        | Reached skill level 10 in Fighting
   303 | D        | Demolished by a lorocyproca

Levels and vault maps discovered:
D:        sprint_v [room_start, room_1, room_2, room_3, room_4, room_5, room_6,
          room_7, room_8, room_9, room_10, room_11, room_12, room_13, room_14,
          room_15, room_16, room_17, room_18, room_19, room_20, room_21,
          room_22, room_23, room_24, room_25, room_26, room_27]

Skill      XL: |  1  2  3  4  5  6  7  8 |
---------------+-------------------------+-----
Fighting       | 4 5 6 7 8 9 10 | 10.0
Axes           | 3 4 5 6 7 8 |  8.5
Armour         | 3 4 5 6 |  6.9
Dodging        | 2 3 4 5 |  5.2
Shields        | 3 5 6 8 9 |  9.4

Action                   |  1- 3 |  4- 6 |  7- 9 || total
-------------------------+-------+-------+-------++-------
Melee: Broad axe         |     4 |    12 |    31 ||    47
Invok: Berserk           |     1 |     1 |     1 ||     3
Armor: Plate armour      |       |     9 |    19 ||    28
Dodge: Dodged            |       |     1 |     4 ||     5
Block: Shield            |     2 |    29 |    35 ||    66
